Map: Terrasses de Prion

Players

Tiki

  • Race: Protoss Protoss
  • League: Diamond

Worming - Winner!

  • Race: Zerg Zerg

VOD

Have the link to the VOD?

Description

Time

  • Played on: May 3, 2016, 11:27 a.m.
  • Length: 11:43
Show
View Real Time Build Order
Export as new Build Order

Tiki Protoss 

Build Orders:  

Get SALT Encoding   

  12  0:01  Probe (Chrono Boost)  
  13  0:11  Probe (Chrono Boost)  
  14  0:22  Probe (Chrono Boost), Pylon  
  15  0:40  Probe (Chrono Boost)  
  16  0:51  Probe (Chrono Boost)  
  17  1:01  Probe (Chrono Boost)  
  18  1:07  Nexus  
  18  1:16  Gateway  
  18  1:25  Gateway  
  18  1:31  Assimilator  
  18  1:37  Probe (Chrono Boost)  
  19  1:42  Pylon  
  19  1:44  Assimilator  
  19  1:49  Probe (Chrono Boost)  
  20  2:00  Probe (Chrono Boost)  
  21  2:03  Cybernetics Core  
  21  2:11  Probe (Chrono Boost), Zealot  
  24  2:19  Probe (Chrono Boost)  
  25  2:23  Probe (Chrono Boost)  
  26  2:30  Probe (Chrono Boost)  
  26  2:33  Probe (Chrono Boost)  
  28  2:43  Probe (Chrono Boost)  
  28  2:44  Probe (Chrono Boost)  
  30  2:46  Adept (Chrono Boost)  
  30  2:47  Adept (Chrono Boost)  
  34  2:54  Probe  
  34  2:55  Probe  
  36  3:06  Assimilator  
  36  3:07  Mothership Core (Chrono Boost)  
  36  3:09  Probe (Chrono Boost)  
  36  3:11  Warp Gate  
  39  3:17  Assimilator  
  39  3:20  Probe (Chrono Boost)  
  41  3:27  Probe (Chrono Boost)  
  41  3:31  Probe (Chrono Boost)  
  42  3:36  Stargate  
  42  3:38  Probe (Chrono Boost)  
  44  3:41  Probe (Chrono Boost)  
  44  3:49  Probe (Chrono Boost)  
  45  4:05  Adept  
  45  4:06  Probe (Chrono Boost), Adept  
  46  4:11  Pylon  
  46  4:13  Pylon x2  
  46  4:19  Pylon  
  46  4:22  Pylon  
  46  4:27  Probe  
  46  4:29  Oracle (Chrono Boost)  
  50  4:40  Adept (Chrono Boost)  
  50  4:41  Adept (Chrono Boost)  
  49  4:57  Gateway, Pylon  
  49  5:00  Gateway  
  49  5:03  Adept (Chrono Boost)  
  49  5:04  Phoenix (Chrono Boost)  
  49  5:05  Adept (Chrono Boost)  
  55  5:09  Twilight Council  
  55  5:13  Robotics Facility  
  55  5:14  Robotics Facility  
  55  5:25  Adept  
  55  5:31  Adept  
  56  5:44  Phoenix (Chrono Boost)  
  56  5:47  Resonating Glaives  
  58  6:01  Nexus  
  58  6:03  Pylon  
  66  6:04  Immortal x2  
  66  6:05  Pylon  
  66  6:06  Phoenix (Chrono Boost)  
  66  6:10  Probe x2  
  69  6:28  Phoenix (Chrono Boost)  
  65  6:38  Adept x4  
  71  6:44  Warp Prism x2  
  75  6:48  Probe x2  
  77  7:00  Probe  
  78  7:02  Probe  
  78  7:07  Gateway x2  
  79  7:12  Probe  
  79  7:13  Forge  
  79  7:15  Forge  
  80  7:17  Probe  
  80  7:18  Probe  
  82  7:24  Probe  
  83  7:31  Immortal  
  83  7:33  Immortal  
  91  7:39  Templar Archives  
  91  7:40  Probe  
  91  7:41  Probe x2  
  94  7:47  Phoenix (Chrono Boost)  
  94  8:10  Phoenix (Chrono Boost)  
  94  8:14  Probe  
  94  8:16  Probe x2  
  94  8:18  Assimilator  
  97  8:20  Assimilator  
  97  8:21  Pylon  
  97  8:24  Observer  
  97  8:25  Immortal  
  97  8:26  Probe  
  103  8:28  Probe x2  
  103  8:32  Phoenix  
  105  8:39  High Templar x3  
  109  8:45  Immortal  
  109  8:52  Archon  
  109  8:54  High Templar x2  
  109  8:55  High Templar  
  115  8:58  Archon  
  115  9:00  Archon  
  115  9:15  Gateway, Probe x2  
  115  9:16  Gateway, Probe  
  118  9:25  Immortal x2  
  118  9:26  Forge  
  118  9:27  Forge  
  118  9:28  Probe, High Templar x2  
  118  9:29  Adept  
  133  9:33  Archon  
  133  9:41  Pylon  
  133  9:44  Pylon  
  133  9:48  Pylon  
  133  9:49  Pylon  
  133  10:00  High Templar x3  
  133  10:02  High Templar  
  133  10:04  Archon  
  140  10:10  Archon  
  140  10:13  Adept x2  
  144  10:14  Adept x2  
  116  10:40  Adept  
  116  10:41  Adept x7  
  119  10:46  Immortal x2 (Chrono Boost)  
  125  11:01  Pylon  
  125  11:02  Pylon  
  125  11:03  Adept x2  
  125  11:04  Adept x3  
Show
View Real Time Build Order
Export as new Build Order

Worming Zerg - Winner!

Build Orders: Hatch First, Lurkers 

Get SALT Encoding   

  12  0:01  Drone  
  13  0:12  Overlord  
  13  0:18  Drone  
  14  0:30  Drone x2  
  16  0:36  Drone  
  17  0:55  Drone, Hatchery  
  17  0:59  Drone  
  18  1:18  Spawning Pool  
  17  1:19  Drone  
  17  1:20  Drone  
  19  1:38  Drone  
  20  1:47  Drone  
  21  1:56  Hatchery  
  21  1:58  Overlord  
  21  1:59  Extractor  
  19  2:07  Queen  
  21  2:12  Queen  
  23  2:18  Zergling x2  
  23  2:19  Zergling x2  
  25  2:32  Drone x4  
  29  2:40  Drone x2  
  31  2:48  Drone  
  31  2:50  Overlord  
  32  2:57  Drone  
  33  2:58  Queen  
  35  3:16  Roach Warren  
  35  3:17  Drone x2  
  35  3:18  Drone x4  
  40  3:23  Metabolic Boost  
  40  3:25  Overlord  
  39  3:33  Zergling x6  
  42  3:35  Overlord  
  42  3:42  Zergling x4  
  42  3:43  Zergling x2  
  41  4:00  Drone x4  
  41  4:12  Drone x5  
  41  4:14  Drone x3  
  49  4:23  Drone x2  
  51  4:30  Lair  
  48  4:48  Drone x7  
  48  4:49  Drone x5  
  48  4:50  Extractor  
  48  4:52  Extractor x2  
  55  5:00  Overlord x3  
  55  5:13  Drone  
  56  5:19  Overlord  
  56  5:20  Drone x2  
  56  5:21  Extractor x2  
  56  5:22  Overlord  
  56  5:23  Roach x8  
  64  5:40  Drone x3  
  64  5:41  Drone x2  
  64  5:42  Drone  
  70  5:52  Overlord  
  70  5:56  Zergling x2  
  71  5:59  Queen  
  71  6:01  Drone x3  
  71  6:02  Drone x4  
  80  6:07  Glial Reconstitution  
  79  6:15  Hatchery  
  78  6:30  Drone x4  
  78  6:31  Hydralisk Den  
  69  6:49  Overlord  
  69  6:51  Roach  
  69  6:52  Roach x9  
  87  7:06  Hydralisk  
  87  7:07  Muscular Augments, Hydralisk x7  
  103  7:14  Ravager  
  104  7:22  Overlord x3  
  104  7:25  Drone  
  105  7:32  Drone x4  
  105  7:36  Overlord  
  109  7:37  Overlord  
  109  7:44  Ravager x2  
  111  8:04  Hydralisk  
  111  8:05  Hydralisk x5  
  123  8:06  Roach x6  
  135  8:18  Lurker Den  
  135  8:19  Overlord x3  
  135  8:20  Overlord  
  135  8:26  Hatchery  
  134  8:29  Ravager  
  127  9:01  Overseer  
  127  9:02  Pneumatized Carapace  
  127  9:05  Drone  
  127  9:06  Infestation Pit  
  127  9:09  Drone x5, Extractor  
  131  9:10  Drone  
  132  9:17  Hydralisk x9  
  132  9:21  Ravager  
  149  9:34  Hydralisk x6  
  149  9:36  Overlord x4  
  161  9:39  Overseer  
  161  9:40  Overseer  
  161  9:43  Drone x3  
  164  9:47  Burrow, Extractor  
  164  9:52  Zergling x8  
  167  9:53  Zergling x12  
  173  10:02  Overlord  
  173  10:03  Overlord  
  173  10:06  Drone x2  
  173  10:07  Drone, Overlord  
  176  10:10  Lurker x9  
  135  10:57  Hydralisk x5  
  135  10:58  Roach x10  
  135  10:59  Roach  
  159  11:07  Zergling x6  
  159  11:08  Zergling x2  
  159  11:16  Hydralisk  
  159  11:17  Hydralisk x4  
  163  11:34  Extractor  
Tags
 
Composition
Lurkers
League
Diamond
Matchup
PvZ
Replay Pack
replay pack
Add a new tag
Caveats
  • Supply blocks, unpowered buildings, or Contaminate may cause inaccurate times.
  • Supply counts are checked every 10 seconds.